Map: Torres Crepusculares

Players

TheZergLord - Winner!

  • Race: Zerg Zerg
  • League: Master

PwTFramos

  • Race: Zerg Zerg
  • League: Master

VOD

Have the link to the VOD?

Description

Time

  • Played on: May 5, 2016, 1:16 p.m.
  • Length: 7:49
Show
View Real Time Build Order
Export as new Build Order

TheZergLord Zerg - Winner!

Build Orders: Hatch First 

Get SALT Encoding   

  12  0:01  Drone  
  13  0:12  Overlord  
  13  0:18  Drone  
  14  0:31  Drone  
  14  0:32  Drone  
  14  0:34  Drone  
  17  0:52  Hatchery  
  17  0:56  Drone  
  17  1:08  Spawning Pool  
  16  1:12  Extractor  
  16  1:13  Drone  
  16  1:16  Drone  
  17  1:21  Drone  
  18  1:29  Drone  
  19  1:41  Overlord  
  19  1:53  Drone  
  20  1:56  Queen  
  20  2:01  Zergling x2  
  23  2:05  Queen, Drone  
  26  2:13  Drone  
  26  2:14  Metabolic Boost  
  27  2:17  Drone  
  28  2:24  Drone  
  28  2:27  Drone  
  30  2:33  Drone  
  30  2:36  Drone  
  32  2:46  Hatchery  
  31  2:54  Baneling Nest, Drone  
  31  2:57  Overlord  
  31  3:01  Drone x2  
  32  3:07  Drone x2  
  32  3:09  Drone  
  35  3:17  Drone  
  35  3:18  Drone x3  
  39  3:22  Overlord  
  39  3:24  Drone  
  40  3:27  Drone  
  40  3:33  Drone  
  42  3:38  Evolution Chamber  
  42  3:39  Evolution Chamber  
  40  3:45  Overlord  
  40  3:47  Zergling x8  
  40  3:48  Zergling x4  
  45  3:50  Zergling x2  
  47  3:57  Queen  
  47  4:00  Zergling x2  
  47  4:01  Zergling x4  
  47  4:02  Zergling x2  
  53  4:07  Zerg Melee Weapons Level 1  
  52  4:14  Zerg Ground Armor Level 1  
  50  4:19  Baneling  
  50  4:20  Zergling x6  
  50  4:21  Zergling x6  
  56  4:27  Drone x3  
  59  4:33  Overlord, Drone  
  59  4:34  Drone  
  59  4:38  Drone  
  62  4:41  Overlord  
  62  4:53  Drone x2  
  62  4:54  Zergling x2  
  62  4:55  Zergling x2  
  62  4:56  Hatchery, Zergling x2  
  66  5:03  Zergling x2  
  66  5:04  Zergling x2  
  66  5:05  Zergling x2  
  66  5:07  Baneling  
  69  5:11  Baneling  
  68  5:15  Baneling x3  
  64  5:32  Zergling x26  
  73  5:46  Zergling x2  
  73  5:47  Zergling x8  
  63  5:57  Zergling x6  
  57  6:06  Zergling x6  
  57  6:08  Queen x2  
  57  6:10  Queen  
  65  6:14  Zergling x6  
  66  6:24  Zergling x6  
  66  6:25  Zergling x2  
  67  6:32  Zergling x10  
  62  6:47  Zergling x2  
  62  6:48  Zergling x10  
  65  6:55  Zergling x2  
  65  6:56  Zergling x4  
  64  7:03  Zergling x10  
  64  7:04  Zergling x2  
  64  7:05  Baneling x3  
  68  7:11  Zergling x2  
  68  7:12  Zergling x2  
  69  7:20  Zergling x6  
  69  7:21  Zergling x2  
  67  7:29  Zergling x8  
  71  7:30  Zergling x18  
Show
View Real Time Build Order
Export as new Build Order

PwTFramos Zerg 

Build Orders: Hatch First 

Get SALT Encoding   

  12  0:01  Drone  
  13  0:08  Drone  
  14  0:17  Overlord  
  14  0:25  Extractor, Drone  
  15  0:36  Drone x2  
  17  0:44  Drone  
  18  0:58  Hatchery  
  18  1:01  Drone  
  18  1:05  Drone  
  19  1:16  Extractor, Drone  
  19  1:22  Spawning Pool  
  18  1:28  Drone  
  19  1:37  Drone  
  20  1:49  Hatchery  
  20  1:54  Drone  
  20  2:09  Queen  
  20  2:10  Queen  
  20  2:15  Zergling x2  
  25  2:21  Metabolic Boost  
  25  2:23  Drone  
  25  2:26  Drone  
  27  2:31  Overlord  
  28  2:37  Drone  
  28  2:54  Drone x3  
  28  2:55  Drone  
  32  3:04  Drone x3  
  35  3:09  Drone x2  
  35  3:12  Evolution Chamber  
  36  3:16  Baneling Nest  
  36  3:18  Drone x3  
  38  3:20  Zergling x2  
  38  3:22  Zergling x2  
  38  3:26  Drone  
  41  3:27  Drone  
  41  3:29  Overlord  
  42  3:41  Zerg Ground Armor Level 1  
  42  3:47  Queen  
  44  3:48  Zergling x2  
  44  3:51  Drone x3  
  44  3:52  Drone x2  
  44  3:54  Overlord  
  50  3:59  Overlord  
  49  4:20  Zergling x4  
  49  4:21  Baneling x2  
  50  4:24  Zergling x2  
  50  4:25  Zergling x24  
  50  4:30  Extractor  
  62  4:36  Overlord  
  62  4:37  Drone x2  
  64  4:41  Evolution Chamber  
  63  4:49  Drone x3  
  66  4:56  Drone x7  
  66  4:57  Drone  
  74  5:00  Overlord  
  74  5:03  Baneling x2  
  74  5:04  Baneling x5  
  71  5:21  Zergling x2  
  71  5:28  Zergling x12  
  71  5:29  Zergling x2  
  70  5:36  Zergling x6  
  70  5:37  Zergling x8  
  70  5:41  Baneling x2  
  70  5:42  Zergling x8  
  67  5:59  Zergling x6  
  67  6:00  Zergling x2  
  66  6:05  Queen  
  67  6:12  Zergling x4  
  67  6:13  Zergling x14  
  67  6:15  Zergling x2  
  67  6:16  Zergling x6  
  71  6:28  Zergling x6  
  71  6:31  Baneling  
  71  6:32  Baneling x2  
  63  6:35  Queen  
  63  6:38  Zergling x4  
  63  6:39  Zergling x10  
  57  6:50  Zergling x2  
  57  6:52  Zergling x4  
  55  6:55  Zergling x6  
  55  7:01  Zergling x4  
  56  7:13  Zergling x8  
  53  7:25  Zergling x2, Baneling x6  
  53  7:26  Zergling x6  
  54  7:30  Zergling x2  
Tags
 
Add a new tag
Caveats
  • Supply blocks, unpowered buildings, or Contaminate may cause inaccurate times.
  • Supply counts are checked every 10 seconds.